 Seeded DCSS version 0.30-a0-457-g4b7bca3bfa (webtiles) character file.

Game seed: 9653979536821995196 (custom seed)

140335 purpskrrrp the Phalangite (level 17, -4/140 HPs)
             Began as a Merfolk Gladiator on Dec 13, 2022.
             Was the Champion of Hepliaklqana.
             Slain by a tentacle (16 damage)
             ... attached to a kraken
             ... on level 4 of the Shoals on Dec 14, 2022.
             The game lasted 00:55:43 (26417 turns).

purpskrrrp the Phalangite (Merfolk Gladiator)      Turns: 26417, Time: 00:55:44

Health: -4/140     AC: 12    Str: 20    XL:     17   Next: 30%
Magic:  19/19      EV: 36    Int: 10    God:    Hepliaklqana [******]
Gold:   1158       SH: 18    Dex: 27    Spells: 16/16 levels left

rFire   . . .      SeeInvis +    r - +10 trident "Isut Mok" {vorpal, Str+4 Stlth+}
rCold   + . .      Faith    .    Z - +0 kite shield {rC+}
rNeg    . . .      Spirit   .    D - +3 steam dragon scales
rPois   +          Reflect  +    k - +0 hat of Serendipity {rPois Regen+}
rElec   +          Harm     .    o - +2 cloak of the Thief {*Fog Slay-2 SInv Stlth+}
rCorr   .          Rampage  .    a - +0 pair of gloves
Will    +....                    (boots currently unavailable)
Stlth   ++++++++..               F - amulet "Wiroywk" {Reflect Drain rElec rPois Int+2 SH+5}
HPRegen 1.23/turn                x - +6 ring of dexterity
MPRegen 0.16/turn                X - +4 ring of slaying

@: studying 2 skills, very quick
A: reduced essence, nimble swimmer 2, mertail, mutation resistance 1, sense
surroundings 1, robust 1
a: Renounce Religion, Recall Ancestor, Ancestor Identity, Transference, Idealise


You were on level 4 of the Shoals.
You worshipped Hepliaklqana.
Hepliaklqana was exalted by your worship.
You visited 6 branches of the dungeon, and saw 28 of its levels.
You visited the Abyss 1 time.

You collected 3116 gold pieces.
You spent 1958 gold pieces at shops.

Inventory:

Hand Weapons
 r - the +10 trident "Isut Mok" (weapon) {vorpal, Str+4 Stlth+}
   (You took it off a goblin on level 2 of the Dungeon)

   It inflicts extra damage upon your enemies.
   Str:       It affects your strength (+4).
   Stlth:     It makes you more stealthy.
Missiles
 b - 2 silver boomerangs
 d - 9 throwing nets (quivered)
 e - 7 javelins
 v - 8 poisoned darts
 K - 16 boomerangs
Armour
 a - a +0 pair of gloves (worn)
 k - the +0 hat of Serendipity (worn) {rPois Regen+}
   (You acquired it on level 1 of the Depths)

   rPois:     It protects you from poison.
   Regen:     It increases your rate of health regeneration.
 o - the +2 cloak of the Thief (worn) {*Fog Slay-2 SInv Stlth+}
   (You acquired it on level 1 of the Dungeon)

   It may release a thick cloud of smoke when the wearer is hurt.
   Slay:      It affects your accuracy & damage with ranged weapons and melee
   (-2).
   SInv:      It lets you see invisible.
   Stlth:     It makes you more stealthy.
 q - a +2 leather armour of fire resistance
 z - a +0 pair of boots of stealth (melded)
 D - +3 steam dragon scales (worn)
 Z - a +0 kite shield of cold resistance (worn)
Jewellery
 g - a +6 ring of intelligence
 m - a ring of protection from fire
 n - a +4 ring of evasion
 x - a +6 ring of dexterity (left hand)
 E - a +6 ring of dexterity
 F - the amulet "Wiroywk" (around neck) {Reflect Drain rElec rPois Int+2 SH+5}
   (You bought it in a shop on level 7 of the Dungeon)

   [amulet of reflection]

   It reflects blocked missile attacks.
   Int:       It affects your intelligence (+2).
   rElec:     It insulates you from electricity.
   rPois:     It protects you from poison.
   Drain:     It drains your maximum health when unequipped.
   SH:        It affects your SH (+5).
 G - a ring of resist corrosion
 H - a ring of fire
 T - a ring of protection from cold
 X - a +4 ring of slaying (right hand)
Wands
 t - a wand of iceblast (21)
 I - a wand of charming (26)
 M - a wand of digging (7)
 N - a wand of polymorph (5)
 R - a wand of mindburst (7)
 U - a wand of flame (19)
 Y - a wand of quicksilver (23)
Scrolls
 f - 7 scrolls of teleportation
 j - 2 scrolls of enchant weapon
 u - 7 scrolls of magic mapping
 y - a scroll of fog
 C - a scroll of brand weapon
 J - a scroll of summoning
 L - 2 scrolls of poison
 Q - 2 scrolls of fear
 S - 9 scrolls of identify
 V - 5 scrolls of blinking
Potions
 c - a potion of resistance
 h - a potion of heal wounds
 i - 9 potions of curing
 l - 4 potions of invisibility
 p - 3 potions of mutation
 s - a potion of cancellation
 w - 6 potions of flight
 A - 5 potions of haste
 B - 5 potions of attraction
 O - 2 potions of ambrosia
 P - 5 potions of might
 W - a potion of berserk rage {unknown}


   Skills:
 + Level 14.4 Fighting
 * Level 23.2 Polearms
 - Level 10.7 Throwing
 + Level 18.3 Dodging
 + Level 9.8 Stealth
 + Level 6.9 Shields
 + Level 3.4 Invocations
 + Level 11.4 Evocations


You had 16 spell levels left.
You didn't know any spells.
Your spell library contained the following spells:

 Spells                   Type           Power      Damage    Failure   Level
 Freeze                   Ice            0%         1d3       69%         1
 Sandblast                Erth           0%         2d4       69%         1
 Slow                     Hex            0%         N/A       69%         1
 Blink                    Tloc           0%         N/A       83%         2
 Ensorcelled Hibernation  Hex/Ice        0%         N/A       83%         2
 Momentum Strike          Conj/Tloc      0%         3d8       83%         2
 Passwall                 Tmut/Erth      0%         N/A       83%         2
 Sublimation of Blood     Necr           0%         N/A       83%         2
 Wereblood                Tmut           0%         N/A       83%         2
 Call Canine Familiar     Summ           0%         N/A       96%         3
 Confusing Touch          Hex            0%         N/A       96%         3
 Frozen Ramparts          Ice            0%         1d1       96%         3
 Hailstorm                Conj/Ice       0%         3d3       96%         3
 Inner Flame              Hex/Fire       0%         N/A       96%         3
 Kindle Blastsparks       Fire/Tloc/Air  0%         2d10      96%         3
 Lesser Beckoning         Tloc           0%         N/A       96%         3
 Ozocubu's Armour         Ice            0%         N/A       96%         3
 Portal Projectile        Hex/Tloc       0%         N/A       96%         3
 Spider Form              Tmut/Pois      0%         N/A       96%         3
 Stone Arrow              Conj/Erth      0%         3d7       96%         3
 Tukima's Dance           Hex            0%         N/A       96%         3
 Vampiric Draining        Necr           0%         2d6       96%         3
 Anguish                  Hex/Necr       0%         N/A       100%        4
 Flame Wave               Conj/Fire      0%         2d4       100%        4
 Ice Form                 Ice/Tmut       0%         N/A       100%        4
 Passage of Golubria      Tloc           0%         N/A       100%        4
 Petrify                  Tmut/Erth      0%         N/A       100%        4
 Sticky Flame             Conj/Fire      0%         2d3       100%        4
 Summon Lightning Spire   Summ/Air       0%         N/A       100%        4
 Blade Hands              Tmut           0%         N/A       100%        5
 Irradiate                Conj/Tmut      0%         3d11      100%        5
 Metabolic Englaciation   Hex/Ice        0%         N/A       100%        5
 Yara's Violent Unravell  Hex/Tmut       0%         3d3       100%        5
 Simulacrum               Ice/Necr       0%         N/A       100%        6
 Enfeeble                 Hex            0%         N/A       100%        7
 Ozocubu's Refrigeration  Ice            0%         4d7       100%        7
 Storm Form               Tmut/Air       0%         N/A       100%        7
 Summon Hydra             Summ           0%         N/A       100%        7
 Ignition                 Fire           0%         3d3       100%        8
 Maxwell's Capacitive Co  Air            0%         ∞         100%        8


Dungeon Overview and Level Annotations

Branches:
Dungeon (15/15)            Temple (1/1) D:6            Lair (5/5) D:8
 Shoals (4/4) Lair:3       Spider (0/4) Lair:3        Slime (0/5) Lair:4
    Orc (2/2) D:12            Elf (0/3) Orc:2        Vaults (0/5) D:13
 Depths (1/4) D:15

Altars:
Ashenzari
Cheibriados
Dithmenos
Elyvilon
Fedhas
Gozag
Hepliaklqana
Kikubaaqudgha
Makhleb
Nemelex Xobeh
Okawaru
Qazlal
Ru
Sif Muna
Trog
Uskayaw
Vehumet
Wu Jian
Xom
Yredelemnul
Zin
The Shining One
Jiyva
Lugonu

Shops:
D:3 *   D:6 [   D:7 =   D:9 **[(:   D:14 (   Orc:1 :*   Orc:2 *(?[

Portals:
Abyss: Lair:5

Annotations:
D:5 2 runed translucent doors, sokol815's ghost, weakling KoDe
D:7 2 runed translucent doors
D:10 exclusion: obsidian statue


Innate Abilities, Weirdness & Mutations

Your life essence is reduced to manifest your ancestor. (-10% HP)
You are very nimble when in or above water. (Stealth+, EV+, Speed+++)
Your lower body shifts to a powerful aquatic tail in water.
You are somewhat resistant to further mutation.
You passively map a small area around you.
You are robust. (+10% HP)


Message History

* * * LOW HITPOINT WARNING * * *
You hit the kraken but do no damage.
You tail-slap the kraken, but do no damage.
The kraken is almost dead.
You block the kraken's attack. The tentacle misses you.
The tentacle completely misses you. You block the tentacle's attack. x2
You puncture the kraken!
The kraken is almost dead.
The kraken bites you!!
* * * LOW HITPOINT WARNING * * *
You block the tentacle's attack. x2; The tentacle completely misses you.
The tentacle closely misses you.
You hit the kraken but do no damage.
You tail-slap the kraken, but do no damage.
The kraken is almost dead.
The kraken squirts a massive cloud of ink into the water!
You block the tentacle's attack. x3; The tentacle completely misses you.
The kraken bites you.
* * * LOW HITPOINT WARNING * * *
The tentacle completely misses you.
You feel much better. You block the tentacle's attack. x2
The tentacle completely misses you. You block the tentacle's attack.
The tentacle completely misses you. The tentacle misses you.
The tentacle completely misses you. You block the kraken's attack.
You hit the kraken but do no damage.
The kraken is almost dead.
You block the tentacle's attack. The tentacle slaps you!
* * * LOW HITPOINT WARNING * * *
The tentacle misses you. The tentacle completely misses you.
The kraken bites you but does no damage.
You hit the kraken but do no damage.
The kraken is almost dead.
You block the tentacle's attack. The tentacle closely misses you.
You block the tentacle's attack. x2
The kraken squirts a massive cloud of ink into the water!
The tentacle slaps you!
* * * LOW HITPOINT WARNING * * *
The tentacle slaps you but does no damage.
The tentacle slaps you!
You die...

########################
~
≈≈≈≈≈≈≈≈≈§≈≈≈≈≈≈≈≈≈≈≈≈≈≈
≈≈≈≈≈≈≈≈≈≈≈§≈≈≈≈≈≈§§≈≈≈≈
~
≈≈≈≈≈≈≈≈≈≈≈≈≈§§§§§§§≈≈≈≈
~
≈≈≈≈≈≈≈≈≈≈≈≈§§§wXw§≈≈≈≈≈
~~
≈≈≈≈≈≈≈≈≈≈≈≈§≈§w@w§≈≈≈≈≈
≈≈≈≈≈~~~~...≈≈§§§§§≈≈≈≈≈~
≈≈≈≈~#~##.~#.≈§§§§§≈≈≈≈≈
~
≈≈≈~~#######..≈~~≈≈≈≈≈≈≈
≈≈~~## ** ##.....~~~≈≈≈~
≈≈~## ~ , #~......~~~~
≈~~~# * #~..........
~~~~# ,~ #........... ~
~~~## , ##........~


You could see a kraken and 4 tentacles.

Vanquished Creatures
  2 tentacled starspawn (Abyss:2)
  A kraken (Shoals:3)
  Aizul (Shoals:1)
  Louise (D:15)
  The ghost of lotum the Severer, a journeyman HOFi of Ru (Shoals:3)
  An ironbound preserver (D:13)
  A very ugly thing (D:15)
  Josephine (Lair:4)
  5 merfolk impalers
  A rakshasa (D:15)
  A spriggan zombie (Abyss:2)
  3 hydras
  A merfolk avatar (Shoals:1)
  An ogre mage (Orc:2)
  12 centaur warriors
  A merfolk aquamancer (Shoals:2)
  A boulder beetle (D:12)
  2 tengu warriors
  14 two-headed ogres
  4 thrashing horrors (Lair:5)
  3 sun demons (Shoals:1)
  Amaemon (Lair:2)
  A sea snake (Shoals:1)
  A sixfirhy (Abyss:2)
  A glowing orange brain (Depths:1)
  A deep troll (shapeshifter) (D:15)
  2 deep trolls (Orc:2)
  A swamp dragon (shapeshifter) (Lair:5)
  22 harpies
  2 orc knights
  15 ugly things
  2 orc sorcerers
  3 deep elf pyromancers
  7 fauns
  8 cyclopes
  9 merfolk sirens
  12 manticores
  8 elephants
  An ice statue (D:9)
  A smoke demon (Lair:5)
  5 black mambas
  7 cane toads
  2 gargoyles
  7 water nymphs
  Maggie (D:9)
  An orange demon (Lair:2)
  A yaktaur (shapeshifter) (D:13)
  A rime drake (Lair:2)
  An efreet (D:15)
  5 komodo dragons
  A kobold demonologist (D:10)
  An ancient zyme (Lair:5)
  6 ice devils (D:9)
  A troll (shapeshifter) (Lair:5)
  10 trolls
  29 merfolk
  2 wind drakes (Shoals:3)
  3 polar bears
  18 blink frogs
  9 slime creatures
  4 snapping turtles
  A jumping spider (shapeshifter) (Abyss:2)
  5 flying skulls (Abyss:2)
  7 water elementals
  A spriggan (Lair:5)
  2 shadows
  6 wraiths
  5 wyverns
  9 basilisks
  33 yaks
  2 ynoxinuls (Lair:5)
  2 large abominations (Lair:5)
  3 steam dragons
  4 vampire mosquitoes
  9 small abominations
  2 chaos spawn (Lair:5)
  2 wargs
  15 water moccasins
  Duvessa (D:7)
  15 orc warriors
  3 black bears
  3 ice beasts
  4 sky beasts
  14 centaurs
  19 ogres
  14 wolves
  4 kobold brigands (D:8)
  7 bullfrogs
  A necrophage (D:5)
  2 scorpions (D:5)
  3 wights (D:8)
  12 killer bees
  Dowan (D:7)
  2 electric eels
  7 howler monkeys
  5 hounds
  A quasit (Abyss:2)
  9 orc priests
  2 gnoll boudas
  4 jellies
  2 iguanas (D:4)
  Ijyb (D:3)
  15 orc wizards
  8 hell rats
  13 gnolls
  8 adders
  10 river rats (Lair:3)
  A shadow imp (D:5)
  5 ufetubi (D:9)
  2 dart slugs
  64 orcs
  10 ball pythons
  8 endoplasms
  8 giant cockroaches
  15 goblins
  5 hobgoblins
  6 jackals
  5 quokkas
  10 bats
  3 frilled lizards
  25 kobolds
  4 rats
  A starspawn tentacle (Abyss:2)
741 creatures vanquished.

Vanquished Creatures (collateral kills)
  A great orb of eyes (D:15)
  A hydra (D:14)
  An ogre mage (Orc:2)
  A two-headed ogre (Orc:2)
  Erica (D:9)
  A harpy (Shoals:2)
  2 orc sorcerers (Orc:1)
  2 cyclopes
  A faun (Shoals:2)
  2 ugly things (D:14)
  An elephant (Lair:5)
  A merfolk siren (Shoals:2)
  2 cane toads
  An efreet (D:13)
  3 merfolk
  A komodo dragon (Lair:1)
  4 trolls
  5 blink frogs
  3 slime creatures (D:15)
  A raiju (shapeshifter) (Lair:5)
  A hornet (D:10)
  A snapping turtle (Shoals:3)
  A water elemental (Shoals:2)
  A centaur simulacrum (D:14)
  11 yaks
  A water moccasin (Lair:1)
  An orc warrior (D:12)
  3 ogres
  3 wolves
  A small abomination (Lair:5)
  A kobold brigand (D:10)
  4 bullfrogs
  A killer bee (D:10)
  A howler monkey (D:7)
  2 orc priests
  An orc wizard (D:11)
  A hell rat (Lair:3)
  A white imp (D:7)
  An ufetubus (D:9)
  6 orcs
  A rat (Lair:3)
79 creatures vanquished.

Vanquished Creatures (others)
  A harpy (Shoals:2)
  An unseen horror (D:8)
  A blink frog (Lair:5)
  20 hexers
  An orc wizard (D:9)
  An ancestor (D:7)
  22 fungi
  57 plants
  3 starspawn tentacles (Abyss:2)
  4 tentacles (Shoals:3)
111 creatures vanquished.

Grand Total: 931 creatures vanquished

Notes
Turn   | Place    | Note
-------+----------+-------------------------------------------
     0 | D:1      | purpskrrrp the Merfolk Gladiator began the quest for the
                  | Orb.
     0 | D:1      | Reached XP level 1. HP: 16/16 MP: 1/1
   165 | D:1      | Reached XP level 2. HP: 23/23 MP: 2/2
   417 | D:1      | You fall into a shaft and drop 1 floor!
   537 | D:2      | Reached XP level 3. HP: 17/28 MP: 3/3
   589 | D:2      | Identified the +10 trident "Isut Mok" {vorpal, Str+4
                  | Stlth+}
   594 | D:2      | Identified a scroll of acquirement
   594 | D:2      | Acquired 555 gold pieces
   754 | D:2      | Reached skill level 5 in Polearms
   864 | D:2      | Reached XP level 4. HP: 34/34 MP: 4/4
  1425 | D:1      | Acquired the +2 cloak of the Thief {*Fog Slay-2 SInv
                  | Stlth+}
  1425 | D:1      | Found the +2 cloak of the Thief {*Fog Slay-2 SInv Stlth+}
  1512 | D:3      | Reached XP level 5. HP: 26/41 MP: 5/5
  1679 | D:3      | Found a stormy altar of Qazlal.
  1877 | D:3      | Noticed Ijyb
  1881 | D:3      | Reached skill level 5 in Dodging
  1894 | D:3      | Killed Ijyb
  2016 | D:3      | Found a shimmering altar of Xom.
  2020 | D:3      | Found a shimmering altar of Xom.
  2021 | D:3      | Found a shimmering altar of Xom.
  2021 | D:3      | Found a shimmering altar of Xom.
  2022 | D:3      | Found a shimmering altar of Xom.
  2022 | D:3      | Found a shimmering altar of Xom.
  2039 | D:3      | Found Gepsocir's Assorted Antiques.
  2448 | D:4      | Reached skill level 6 in Polearms
  2462 | D:4      | Reached XP level 6. HP: 43/47 MP: 6/6
  2818 | D:4      | Found a shimmering blue altar of Sif Muna.
  2845 | D:4      | Reached skill level 7 in Polearms
  2845 | D:4      | Reached XP level 7. HP: 51/53 MP: 7/7
  3268 | D:5      | Entered Level 5 of the Dungeon
  3307 | D:5      | Reached skill level 8 in Polearms
  3333 | D:5      | Found a hazy altar of Hepliaklqana.
  3333 | D:5      | Found a large runed translucent door.
  3333 | D:5      | Found a large runed translucent door.
  3337 | D:5      | Noticed sokol815's ghost (weakling KoDe)
  3365 | D:5      | Reached XP level 8. HP: 55/61 MP: 8/8
  3385 | D:5      | Became a worshipper of Hepliaklqana the Forgotten
  3394 | D:5      | Found a radiant altar of Vehumet.
  3426 | D:5      | Reached skill level 5 in Fighting
  3426 | D:5      | Reached skill level 9 in Polearms
  3938 | D:5      | Reached skill level 5 in Throwing
  4211 | D:6      | Found Xoniss's Antique Armour Emporium.
  4251 | D:6      | Found a staircase to the Ecumenical Temple.
  4306 | D:6      | Acquired a +0 pair of boots of stealth
  4348 | Temple   | Entered the Ecumenical Temple
  4557 | D:6      | Reached * piety under Hepliaklqana
  4588 | D:6      | Reached skill level 10 in Polearms
  4588 | D:6      | Reached XP level 9. HP: 62/62 MP: 9/9
  5218 | D:7      | Reached skill level 11 in Polearms
  5220 | D:7      | Found a large runed translucent door.
  5221 | D:7      | Found a large runed translucent door.
  5223 | D:7      | Found a shimmering altar of Xom.
  5262 | D:7      | Reached ** piety under Hepliaklqana
  5263 | D:7      | Remembered your ancestor Publia as a hexer
  5413 | D:7      | Noticed Dowan
  5420 | D:7      | Killed Dowan
  5424 | D:7      | Noticed Duvessa
  5452 | D:7      | Killed Duvessa
  5489 | D:7      | Found an ancient bone altar of Kikubaaqudgha.
  5491 | D:7      | Found a bloodstained altar of Trog.
  5629 | D:7      | Found Nawa's Jewellery Boutique.
  5638 | D:7      | Bought the amulet "Wiroywk" {Reflect Drain rElec rPois
                  | Int+2 SH+5} for 608 gold pieces
  5712 | D:7      | Identified the +10 falchion "Tupaib" {elec, rPois rF- rCorr
                  | Str+3}
  5855 | D:7      | Identified the +12 rapier of the Shimmering Tiger {chaos,
                  | Will+ Str+2}
  6222 | D:8      | Reached skill level 12 in Polearms
  6226 | D:8      | Reached XP level 10. HP: 56/71 MP: 10/10
  6305 | D:8      | Noticed a two-headed ogre
  6306 | D:8      | Found a staircase to the Lair.
  6314 | D:8      | Killed a two-headed ogre
  6622 | D:8      | Found a white marble altar of Elyvilon.
  6630 | D:8      | Reached skill level 13 in Polearms
  6748 | D:8      | Got the Almanac of the Gathered Arsonist
  7023 | D:8      | Found a runed translucent door.
  7026 | D:8      | Found a runed translucent door.
  7026 | D:8      | Noticed a gargoyle
  7050 | D:8      | Noticed a centaur warrior
  7050 | D:8      | Noticed a tengu warrior
  7050 | D:8      | Noticed an eight-headed hydra
  7050 | D:8      | Noticed a centaur warrior
  7050 | D:8      | Noticed a centaur warrior
  7050 | D:8      | Noticed an unseen horror
  7053 | D:8      | Killed an unseen horror
  7066 | D:8      | Reached skill level 10 in Dodging
  7067 | D:8      | Killed a centaur warrior
  7072 | D:8      | Killed a centaur warrior
  7073 | D:8      | Reached skill level 14 in Polearms
  7073 | D:8      | Reached XP level 11. HP: 55/78 MP: 11/11
  7086 | D:8      | Killed a centaur warrior
  7185 | D:8      | Killed a tengu warrior
  7254 | D:8      | Killed an eight-headed hydra
  7366 | D:8      | Identified the +4 great sword of Lavyalas {vorpal, rElec
                  | rC- SInv}
  7574 | D:8      | Found a glowing silver altar of Zin.
  7574 | D:8      | Noticed an angel
  7584 | D:9      | Reached *** piety under Hepliaklqana
  7594 | D:9      | Found Ifofionn's General Store.
  7720 | D:9      | Noticed Erica
  7732 | D:9      | Killed Erica
  7858 | D:9      | Reached skill level 15 in Polearms
  8289 | D:9      | Found Askuad's Armour Shoppe.
  8303 | D:9      | Found Xev Sosho's Antique Weapon Shoppe.
  8313 | D:9      | Noticed a two-headed ogre
  8320 | D:9      | Killed a two-headed ogre
  8412 | D:9      | Found Cymyem's Assorted Antiques.
  8459 | D:9      | Noticed Maggie
  8468 | D:9      | Killed Maggie
  8841 | D:9      | Found Epuceq's Book Boutique.
  9390 | D:10     | Entered Level 10 of the Dungeon
  9403 | D:10     | Noticed an obsidian statue
  9483 | D:10     | Reached XP level 12. HP: 86/86 MP: 12/12
  9483 | D:10     | Noticed a two-headed ogre
  9520 | D:10     | Killed a two-headed ogre
  9521 | D:10     | Reached skill level 16 in Polearms
  9565 | D:10     | Found an iron altar of Okawaru.
  9620 | D:10     | Found a glowing golden altar of the Shining One.
  9911 | D:10     | Noticed a two-headed ogre
  9916 | D:10     | Noticed a soul eater
  9928 | D:10     | Killed a two-headed ogre
 10399 | D:11     | Reached **** piety under Hepliaklqana
 10458 | D:11     | Noticed a two-headed ogre
 10465 | D:11     | Killed a two-headed ogre
 10720 | D:11     | Reached skill level 10 in Fighting
 11118 | D:12     | Noticed a boulder beetle
 11118 | D:12     | Noticed a two-headed ogre
 11120 | D:12     | Killed a two-headed ogre
 11502 | D:12     | Found a staircase to the Orcish Mines.
 11502 | D:12     | Noticed a two-headed ogre
 11513 | D:12     | Killed a two-headed ogre
 11514 | D:12     | Reached skill level 17 in Polearms
 11532 | D:12     | Killed a boulder beetle
 12378 | D:13     | Reached XP level 13. HP: 83/93 MP: 13/13
 12385 | D:13     | Reached skill level 10 in Throwing
 12730 | D:13     | Reached skill level 18 in Polearms
 12822 | D:13     | Identified the +7 flail of Uluaq {flame, Drain rC+ rCorr
                  | Str+5}
 12949 | D:13     | Noticed an ironbound preserver
 12961 | D:13     | Killed an ironbound preserver
 13246 | D:13     | Found a gate to the Vaults.
 13405 | D:13     | Reached ***** piety under Hepliaklqana
 14161 | D:14     | Reached skill level 19 in Polearms
 14166 | D:14     | Acquired a manual of Evocations
 14256 | D:14     | Reached skill level 1 in Evocations
 14258 | D:14     | Reached skill level 1 in Stealth
 14968 | D:14     | Found Fiaczaor's Antique Weapon Boutique.
 15094 | D:14     | Reached XP level 14. HP: 102/102 MP: 14/14
 15109 | D:15     | Entered Level 15 of the Dungeon
 15424 | D:15     | Noticed Louise
 15425 | Abyss:2  | Cast into level 2 of the Abyss (Louise)
 15533 | Abyss:2  | Noticed a tentacled starspawn
 15544 | Abyss:2  | Killed a tentacled starspawn
 15566 | Abyss:2  | Noticed a starcursed mass
 15744 | Abyss:2  | Noticed a tentacled starspawn
 15757 | Abyss:2  | Killed a tentacled starspawn
 15760 | D:15     | Escaped the Abyss
 15774 | D:15     | Killed Louise
 15895 | D:15     | Reached skill level 20 in Polearms
 15895 | D:15     | Reached skill level 5 in Evocations
 16229 | D:15     | Noticed a purple very ugly thing
 16250 | D:15     | Killed a purple very ugly thing
 16908 | D:15     | Reached skill level 15 in Dodging
 16918 | D:15     | Found a staircase to the Depths.
 17133 | Depths:1 | Entered Level 1 of the Depths
 17188 | Depths:1 | Reached skill level 5 in Stealth
 17196 | Depths:1 | Acquired the +0 hat of Serendipity {rPois Regen+}
 17449 | Lair:1   | Entered Level 1 of the Lair of Beasts
 17485 | Lair:1   | Reached skill level 1 in Shields
 18402 | Lair:2   | Reached XP level 15. HP: 89/109 MP: 15/15
 18493 | Lair:2   | Noticed Amaemon
 18507 | Lair:2   | Killed Amaemon
 18754 | Lair:2   | Reached skill level 21 in Polearms
 19282 | Lair:3   | Found a hole to the Spider Nest.
 19381 | Lair:3   | Found a staircase to the Shoals.
 19537 | Lair:3   | Found a broken altar of Ashenzari.
 19853 | Lair:4   | Reached ****** piety under Hepliaklqana
 19891 | Lair:4   | Noticed Josephine
 19910 | Lair:4   | Killed Josephine
 20123 | Lair:4   | Found a staircase to the Slime Pits.
 20124 | Lair:4   | Found a viscous altar of Jiyva.
 20465 | Lair:5   | Entered Level 5 of the Lair of Beasts
 21218 | Lair:5   | Found a corrupted altar of Lugonu.
 21218 | Lair:5   | Found a one-way gate to the infinite horrors of the Abyss.
 21722 | Orc:1    | Entered Level 1 of the Orcish Mines
 21834 | Orc:1    | Paralysed by an orc sorcerer for 2 turns
 21901 | Orc:1    | Found Omagoteu's Gadget Gallery.
 21924 | Orc:1    | Found Izeul's Book Shop.
 21933 | Orc:1    | Bought a manual of Dodging for 1200 gold pieces
 22074 | Orc:2    | Entered Level 2 of the Orcish Mines
 22180 | Orc:2    | Reached XP level 16. HP: 96/117 MP: 16/16
 22206 | Orc:2    | Reached skill level 22 in Polearms
 22206 | Orc:2    | Reached skill level 5 in Shields
 22284 | Orc:2    | Found Wies's Armour Shoppe.
 22294 | Orc:2    | Found Zuaddei's Magic Scroll Boutique.
 22314 | Orc:2    | Found Erenigaq's Assorted Antiques.
 22316 | Orc:2    | Found Laus's Weapon Emporium.
 22362 | Orc:2    | Bought a scroll of enchant armour for 75 gold pieces
 22362 | Orc:2    | Bought a scroll of blinking for 75 gold pieces
 22586 | Orc:2    | Found a staircase to the Elven Halls.
 23149 | Shoals:1 | Entered Level 1 of the Shoals
 23256 | Shoals:1 | Reached skill level 10 in Evocations
 23357 | Shoals:1 | Gained mutation: You are robust. (+10% HP) [potion of
                  | mutation]
 23357 | Shoals:1 | Gained mutation: You passively map a small area around you.
                  | [potion of mutation]
 23357 | Shoals:1 | Gained mutation: You are somewhat resistant to further
                  | mutation. [potion of mutation]
 23408 | Shoals:1 | Noticed Aizul
 23431 | Shoals:1 | Killed Aizul
 24340 | Shoals:2 | Reached skill level 1 in Invocations
 25222 | Shoals:2 | Reached XP level 17. HP: 139/139 MP: 18/18
 25243 | Shoals:3 | Reached skill level 23 in Polearms
 25364 | Shoals:3 | Found a runed translucent door.
 25474 | Shoals:3 | Noticed lotum's ghost (journeyman HOFi)
 25629 | Shoals:3 | Noticed a kraken
 25655 | Shoals:3 | Killed a kraken
 26244 | Shoals:3 | Killed lotum's ghost
 26323 | Shoals:4 | Entered Level 4 of the Shoals
 26383 | Shoals:4 | Noticed a kraken
 26417 | Shoals:4 | Slain by a tentacle

Illustrated notes

Levels and vault maps discovered:
D:1:      lemuel_arrival_lava_pool, layout_basic
D:2:      cheibrodos_old_hovel, layout_loops_ring
D:3:      kennysheep_the_goblin_king, layout_loops_ring, xom_redecorated,
          nicolae_qazlal_general_emergency, serial_shops, shop,
          kennysheep_flooded_box
D:4:      layout_loops_ring, kennysheep_orc_sif_temple,
          hangedman_decor_peaks_small, hex_medium, minmay_strange_pillars,
          st_stairs_7, hangedman_decor_lopped
D:5:      layout_loops_ring, mainiacjoe_overflow_chevrons,
          mainiacjoe_overflow_boulevard, ebering_ghost_disaster_area
D:6:      layout_gridville, minmay_temple_entry_ruins, serial_shops,
          nicolae_shop_behind_doors, minmay_small_thing
D:7:      due_chaos_kobolds, layout_loops_corners,
          chequers_temple_overflow_statue_of_worship, serial_shops, shop,
          uniq_duvessa
D:8:      minmay_the_grid_triangle_9x9_rhombus_thin
          [minmay_the_grid_triangle_9x9_tough_junction,
          minmay_the_grid_triangle_9x9_prize_top_heavy,
          minmay_the_grid_triangle_9x9_impossible_snake,
          minmay_the_grid_triangle_9x9_sprig], layout_basic, elyvilon_altar_5,
          zin_angel
D:9:      cheibrodos_frozen_isle, layout_layer_cave, serial_shops,
          nicolae_shop_advertising_works [nicolae_subvault_shop_adworks],
          nicolae_shop_trees, shop, nicolae_shop_crystal, shop, uniq_maggie,
          uniq_erica
D:10:     layout_rooms, tso_metal_star, okawaru_trees_1, minivault_16
D:11:     layout_long_grid, grunt_decor_junction, minmay_microvault
D:12:     layout_roguey, david_orc_5, hangedman_misty_isle
D:13:     layout_loops_cross, skrybe_vaults_entry_preservation,
          chequers_serial_rivers_micro_c, kennysheep_generic_room_5
D:14:     layout_basic, serial_shops, nicolae_shop_behind_doors, minivault_4
D:15:     gammafunk_enter_depths_forms, layout_small_grid, uniq_louise
Temple:   chequers_temple_sunken
Lair:1:   layout_concentric_octagons
Lair:2:   layout_regular_city, lemuel_old_faithful, uniq_amaemon
Lair:3:   layout_hall_layers, elwin_shoals_entry_rooms, spider_nest_entry_a,
          basic_altar, eino_small_chamber_without_monster, kennysheep_rathole
Lair:4:   layout_hall_layers, nicolae_slime_entry_slimehenge,
          infiniplex_staircase_pool, uniq_josephine
Lair:5:   hellmonk_lair_end_abyssal_woods, layout_loops_ring
Shoals:1: layout_shoals, nicolae_shoals_sun_and_surf, uniq_aizul
Shoals:2: layout_shoals, nicolae_shoals_wave_tunnel
Shoals:3: layout_shoals, hellmonk_ghost_happy_afterlife
Shoals:4: shoals_end_grunt_ice, layout_shoals, serial_shops, shop_fountains,
          nicolae_shop_crystal, nicolae_shoals_kraken_intersection,
          uniq_bai_suzhen, uniq_polyphemus
Orc:1:    layout_caves, serial_shops, shop, nicolae_shop_gadgets
Orc:2:    st_orc_open, layout_caves
Depths:1: layout_honeycomb, enter_ziggurat_d, hangedman_coc_ice_floe,
          grunt_gozag_statues, nrook_campfire, nicolae_shop_clearance

Skill      XL: |  1  2  3  4  5  6  7  8  9 10 11 12 13 14 15 16 17 |
---------------+----------------------------------------------------+-----
Polearms       | 5 6 7 8 10 12 14 15 17 19 20 21 22 23 | 23.2
Fighting       | 3 4 5 7 8 9 10 11 12 13 14 | 14.4
Dodging        | 5 6 7 9 10 11 13 14 15 16 17 18 | 18.3
Throwing       | 3 4 5 6 7 8 9 10 | 10.7
Evocations     | 3 6 9 10 11 | 11.4
Stealth        | 2 5 7 9 |  9.8
Shields        | 2 4 6 |  6.9
Invocations    | 2 3 |  3.4

Action                   |  1- 3 |  4- 6 |  7- 9 | 10-12 | 13-15 | 16-18 || total
-------------------------+-------+-------+-------+-------+-------+-------++-------
Melee: Trident           |   105 |   146 |   220 |   515 |  1223 |   625 ||  2834
       Punch             |     1 |       |     4 |     2 |     9 |       ||    16
       Tailslap          |       |       |       |     7 |     1 |    35 ||    43
Throw: Javelin           |       |       |       |     2 |     1 |       ||     3
Invok: Ancestor Life: He |       |       |     1 |       |       |       ||     1
       Recall Ancestor   |       |       |       |       |       |     2 ||     2
Evoke: Wand              |       |       |       |     3 |     4 |       ||     7
  Use: Scroll            |     1 |     4 |    10 |     2 |    19 |     5 ||    41
       Potion            |       |       |       |     1 |     3 |     7 ||    11
 Stab: Sleeping          |     2 |    12 |    12 |     9 |    24 |    20 ||    79
       Distracted        |       |     1 |     2 |    14 |    19 |     5 ||    41
       Confused          |       |       |     2 |     6 |    27 |    17 ||    52
       Paralysed         |       |       |       |       |    19 |    25 ||    44
Armor: Leather armour    |    32 |    38 |    24 |    32 |    76 |       ||   202
       Steam dragon scal |       |       |       |       |     5 |    47 ||    52
Dodge: Dodged            |    84 |    87 |    85 |   164 |   706 |   557 ||  1683
Block: Other             |       |       |     7 |    40 |    48 |       ||    95
       Reflection        |       |       |     3 |     2 |     7 |    23 ||    35
       Kite shield       |       |       |       |       |   514 |   538 ||  1052

Table legend: (Time is in decaauts)
 A = Elapsed time spent in this place.
 B = Non-inter-level travel time spent in this place.
 C = Inter-level travel time spent in this place.
 D = Time resting spent in this place.
 E = Time spent auto-exploring this place.
 F = Levels seen in this place.
 G = Mean time per level.
                   A        B        C        D        E       F      G
               +--------+--------+--------+--------+--------+-----+--------+
         Total |  24986 |  23305 |   1681 |   3435 |  15171 |  29 |  861.6 |
       Dungeon |  16709 |  15575 |   1134 |   3002 |  10046 |  15 | 1113.9 |
        Temple |    129 |    102 |     27 |      0 |     96 |   1 |  129.0 |
          Lair |   4057 |   3719 |    338 |     17 |   2731 |   5 |  811.4 |
        Shoals |   2551 |   2519 |     32 |    203 |   1563 |   4 |  637.8 |
  Orcish Mines |   1156 |   1008 |    148 |      0 |    709 |   2 |  578.0 |
        Depths |     86 |     86 |      0 |      0 |     24 |   1 |   86.0 |
         Abyss |    297 |    297 |      0 |    212 |      0 |   1 |  297.0 |
               +--------+--------+--------+--------+--------+-----+--------+

Top non-repeatable levels by time:
     D:9: 1892 daAuts
    D:15: 1659 daAuts
    D:13: 1557 daAuts
     D:8: 1480 daAuts
    D:11: 1267 daAuts
    D:14: 1228 daAuts
     D:7: 1102 daAuts
  Lair:5: 978 daAuts
     D:3: 956 daAuts
    D:12: 951 daAuts
  Lair:2: 950 daAuts
Shoals:1: 928 daAuts
Shoals:3: 892 daAuts
  Lair:1: 849 daAuts
     D:4: 823 daAuts
